 Dungeon Crawl Stone Soup version 0.30-a0-576-g89cddaab80 (webtiles) character file.

Game seed: 4998257771136631919

70 demibob the Chopper (level 4, -4/39 HPs)
             Began as a Hill Orc Fighter on Dec 31, 2022.
             Slain by an ogre
             ... wielding a +0 giant spiked club
              (26 damage)
             ... on level 4 of the Dungeon.
             The game lasted 00:02:22 (1045 turns).

demibob the Chopper (Hill Orc Fighter)              Turns: 1045, Time: 00:02:23

Health: -4/39      AC:  6    Str: 20    XL:     4   Next: 21%
Magic:  4/4        EV:  9    Int:  8    God:
Gold:   54         SH:  0    Dex: 10    Spells: 3/3 levels left

rFire   . . .      SeeInvis .    a - +1 war axe
rCold   . . .      Faith    .    (no shield)
rNeg    + . .      Spirit   .    b - +0 scale mail
rPois   .          Reflect  .    (no helmet)
rElec   .          Harm     .    (no cloak)
rCorr   .          Rampage  .    (no gloves)
Will    .....                    (no boots) Stlth
                                 (no amulet)
HPRegen 0.26/turn                N - ring of positive energy
MPRegen 0.09/turn                (no ring)

@: confused, mighty, ambrosia-drunk
A: no striking features
a: no special abilities


You were on level 4 of the Dungeon.
You visited 1 branch of the dungeon, and saw 3 of its levels.

You collected 54 gold pieces.


   Skills:
 - Level 3.6 Fighting
 + Level 5.8 Axes
 - Level 3.2 Armour
 - Level 3.2 Shields


You had 3 spell levels left.
You didn't know any spells.
Your spell library contained the following spells:

 Spells                   Type           Power      Damage    Failure   Level
 Blink                    Tloc           0%         N/A       88%         2
 Manifold Assault         Tloc           0%         N/A       100%        4
 Storm Form               Tmut/Air       0%         N/A       100%        7

Inventory:

Hand Weapons
 a - a +1 war axe (weapon)
Missiles
 g - 2 atropa-tipped darts (quivered)
Armour
 b - a +0 scale mail (worn)
Jewellery
 N - a ring of positive energy (left hand)
Scrolls
 f - a scroll of identify {@r1}
 i - a scroll of poison {unknown}
Potions
 c - a potion of ambrosia
 e - a potion of degeneration {unknown}
 h - a potion of invisibility {unknown}
 j - a potion of brilliance {unknown}

Dungeon Overview and Level Annotations

Branches:
Dungeon (2/15)

Altars:

Shops:
D:1

* . ............
#........
..##.>........#####......
..<........o..........#..
#............#....###...
#........# #...## ###.
###.##..###..## ##.
#............# #..
#..Oor.[...### ##.
#..o@.....## ##.
#####..#...# .###..
######.........#.
...#####.#. .^######...
.###.....#. .. ........
.. ........ #.......


You could see an ogre, an orc wizard, 2 orcs and a quokka.


Message History

You are confused.
It was a potion of ambrosia.
You are more confused.
You feel invigorated.
The orc shouts!
You hear a shout! x2
The orc closely misses you.
An orc comes into view. It is wielding a +0 hand axe.
The orc wizard hits you but does no damage.
The ogre closely misses you.
Okay, then.
You barely miss the orc wizard.
The orc wizard is severely wounded.
You miss the quokka. You slash the orc!
You kill the orc!
You closely miss the ogre.
The quokka bites you but does no damage.
The orc wizard hits you but does no damage.
The ogre hits you with a +0 giant spiked club!!
Ouch! That really hurt!
* * * LOW HITPOINT WARNING * * *
You're too confused to move!
The quokka misses you.
The orc wizard hits you but does no damage.
The quokka closely misses you.
You're too confused to move!
The orc hits you with a +0 club.
An orc comes into view. It is wielding a +0 short sword.
The ogre hits you with a +0 giant spiked club!!
Ouch! That really hurt!
You die...

Skill      XL: |  1  2  3 |
---------------+----------+-----
Axes           | 3 4 5 |  5.8
Fighting       | |  3.6
Armour         | |  3.2
Shields        | |  3.2

Action                   |  1- 3 |  4- 6 || total
-------------------------+-------+-------++-------
Melee: War axe           |    71 |    10 ||    81
       Punch             |     1 |     1 ||     2
  Use: Scroll            |     3 |       ||     3
       Potion            |       |     2 ||     2
Armor: Scale mail        |    48 |    10 ||    58
Dodge: Dodged            |    27 |    10 ||    37

Levels and vault maps discovered:
D:1:      enne_arrival_octagon_isle, layout_loops_ring, serial_shops, shop,
          minmay_fountain_box
D:2:      layout_basic, grunt_decor_junction
D:4:      layout_cave_pools, kennysheep_orc_sif_temple,
          gammafunk_ghost_nasty_kobolds, nzn_random_ring

Notes
Turn   | Place    | Note
-------+----------+-------------------------------------------
     0 | D:1      | demibob the Hill Orc Fighter began the quest for the Orb.
     0 | D:1      | Reached XP level 1. HP: 19/19 MP: 1/1
    50 | D:1      | Reached skill level 3 in Axes
    97 | D:1      | Found Lynn's General Store.
   107 | D:1      | Reached XP level 2. HP: 24/26 MP: 2/2
   155 | D:1      | Reached skill level 4 in Axes
   605 | D:1      | Reached XP level 3. HP: 31/31 MP: 3/3
   916 | D:2      | You fall into a shaft and drop 2 floors!
   930 | D:4      | Reached skill level 5 in Axes
   997 | D:4      | Reached XP level 4. HP: 39/39 MP: 4/4
  1037 | D:4      | Noticed an ogre
  1045 | D:4      | Slain by an ogre

Vanquished Creatures
  An iguana (D:4)
  An adder (D:4)
  2 orcs (D:4)
  4 ball pythons
  6 bats (D:1)
  2 endoplasms
  6 goblins
  2 hobgoblins (D:1)
  3 quokkas (D:1)
  A kobold (D:1)
  5 rats
33 creatures vanquished.

Table legend: (Time is in decaauts)
 A = Elapsed time spent in this place.
 B = Non-inter-level travel time spent in this place.
 C = Inter-level travel time spent in this place.
 D = Time resting spent in this place.
 E = Time spent auto-exploring this place.
 F = Levels seen in this place.
 G = Mean time per level.
                   A        B        C        D        E       F      G
               +--------+--------+--------+--------+--------+-----+--------+
         Total |   1066 |   1038 |     28 |     47 |    724 |   3 |  355.3 |
       Dungeon |   1066 |   1038 |     28 |     47 |    724 |   3 |  355.3 |
               +--------+--------+--------+--------+--------+-----+--------+

Top non-repeatable levels by time:
     D:1: 693 daAuts
     D:2: 240 daAuts
     D:4: 133 daAuts

Table legend:
 A = Non-vault XP
 B = Vault XP
 C = Vault XP percentage of total XP
 D = Non-vault monster count
 E = Vault monster count
 F = Vault count percentage of total count
                 A         B        C        D         E       F
            +---------+---------+-------+---------+---------+-------
      Total |     100 |       0 |   0.0 |      33 |       0 |   0.0
            +---------+---------+-------+---------+---------+-------
        D:1 |      35 |       0 |   0.0 |      21 |       0 |   0.0
        D:2 |       7 |       0 |   0.0 |       6 |       0 |   0.0
        D:4 |      58 |       0 |   0.0 |       6 |       0 |   0.0
            +---------+---------+-------+---------+---------+-------
